 Dungeon Crawl Stone Soup version 0.29-a0-477-g62b78b4225 (webtiles) character file.

Game seed: 3003276976124632300

490 xian the Covered (level 6, -1/55 HPs)
             Began as a Minotaur Fighter on May 25, 2022.
             Killed from afar by an orc wizard (3 damage)
             ... with a puff of flame
             ... on level 5 of the Dungeon.
             The game lasted 00:07:25 (2758 turns).

xian the Covered (Minotaur Fighter)                 Turns: 2758, Time: 00:07:26

Health: -1/55      AC: 11    Str: 23    XL:     6   Next: 90%
Magic:  5/5        EV:  8    Int:  5    God:
Gold:   143        SH:  4    Dex:  9    Spells: 5/5 levels left

rFire   . . .      SeeInvis .   p - +1 short sword (vamp)
rCold   . . .      Faith    .   c - +0 buckler
rNeg    + . .      Spirit   .   a - +1 chain mail {rPois}
rPois   +          Reflect  .   (helmet restricted)
rElec   .          Harm     .   (no cloak)
rCorr   .          Rampage  .   (no gloves)
Will    .....                   (no boots)
Stlth   ..........              (no amulet)
HPRegen 0.18/turn               e - ring of positive energy
MPRegen 0.09/turn               (no ring)

@: mighty, brilliant
A: horns 2, retaliatory headbutt
a: no special abilities


You were on level 5 of the Dungeon.
You visited 1 branch of the dungeon, and saw 5 of its levels.

You collected 143 gold pieces.

Inventory:

Hand Weapons
 p - a +1 vampiric short sword (weapon)
Missiles
 n - 3 poisoned darts (quivered)
Armour
 a - a +1 chain mail of poison resistance (worn)
 c - a +0 buckler (worn)
Jewellery
 e - a ring of positive energy (left hand)
Scrolls
 b - 3 scrolls of teleportation {unknown}
 f - a scroll of identify {unknown}
 g - 3 scrolls of fog {unknown}
 h - a scroll of torment {unknown}
 l - a scroll of enchant weapon {unknown}
 m - a scroll of vulnerability {unknown}
 q - a scroll of acquirement {unknown}
 r - a scroll of immolation {unknown}
Potions
 d - 2 potions of might
 i - a potion of degeneration {unknown}
 j - a potion of brilliance
 k - a potion of cancellation {unknown}


   Skills:
 + Level 4.9 Fighting
 + Level 2.2(3.5) Short Blades
 + Level 4.6(4.9) Long Blades
 + Level 1.1 Throwing
 + Level 5.8 Armour
 + Level 0.7 Dodging
 + Level 0.6 Stealth
 + Level 5.1 Shields


You had 5 spell levels left.
You didn't know any spells.
Your spell library was empty.

Dungeon Overview and Level Annotations

Branches:
Dungeon (5/15)
 Temple: D:4-7

Altars:
Fedhas
Nemelex Xobeh

Shops:
D:3 =


Innate Abilities, Weirdness & Mutations

You have a pair of horns on your head.
You reflexively headbutt those who attack you in melee.


Message History

You hit something. Something hits you but does no damage.
You hear some strange, mumbled words.
A magic dart appears from out of thin air!
The magic dart hits you!
* * * LOW HITPOINT WARNING * * *
You barely miss something.
Something hits you but does no damage. x2
Something hits you but does no damage. Something hits you.
* * * LOW HITPOINT WARNING * * *
There is a stone staircase leading down here.
You can't go up here!
Something hits you but does no damage. x2
You climb downwards.
Reactivating autopickup.
There is a stone staircase leading up here.
You feel very mighty all of a sudden. Something hits you but does no damage.
Deactivating autopickup; reactivate with Ctrl-A.
You hear some strange, mumbled words.
Something tries to affect you, but you resist.
Something hits you.
* * * LOW HITPOINT WARNING * * *
You hear some strange, mumbled words.
A puff of flame appears from out of thin air!
The puff of flame misses you.
You hear some strange, mumbled words.
A magic dart appears from out of thin air!
The magic dart hits you.
* * * LOW HITPOINT WARNING * * *
You hear some strange, mumbled words.
A puff of flame appears from out of thin air!
The puff of flame hits you.
* * * LOW HITPOINT WARNING * * *
You barely miss something. You block something's attack.
You hear some strange, mumbled words.
Something tries to affect you, but you resist.
You completely miss something.
You hear some strange, mumbled words.
A puff of flame appears from out of thin air!
The puff of flame hits you.
You die...

... ##... .....
...... ......
##########......
#...............
........{.......
........@{..!...
................
............#...
............# ..
.#......#.#.# .
.....#....#.#
.#<..#....#.#
#.# #.. ..


There were no monsters in sight!

Vanquished Creatures
  A necrophage (D:4)
  3 scorpions (D:4)
  A howler monkey (D:4)
  2 hounds
  An orc wizard (D:3)
  6 adders
  An ufetubus (D:4)
  A worm (D:3)
  10 orcs
  3 bats
  3 endoplasms
  2 giant cockroaches
  6 goblins
  4 hobgoblins
  6 kobolds
  3 quokkas
  6 ball pythons
  4 frilled lizards
  2 rats (D:3)
65 creatures vanquished.

Notes
Turn   | Place    | Note
-------+----------+-------------------------------------------
     0 | D:1      | xian the Minotaur Fighter began the quest for the Orb.
     0 | D:1      | Reached XP level 1. HP: 19/19 MP: 0/0
    57 | D:1      | Found a faded altar of an unknown god.
   195 | D:1      | Reached XP level 2. HP: 27/27 MP: 1/1
   942 | D:2      | Reached XP level 3. HP: 31/33 MP: 2/2
  1215 | D:3      | Found a blossoming altar of Fedhas.
  1404 | D:3      | Found Ohui's Jewellery Shop.
  1547 | D:3      | Reached XP level 4. HP: 8/40 MP: 3/3
  1854 | D:3      | Found a sparkling altar of Nemelex Xobeh.
  2215 | D:4      | Noticed a scorpion
  2222 | D:4      | Killed a scorpion
  2223 | D:4      | Reached skill level 1 in Short Blades
  2223 | D:4      | Reached skill level 5 in Armour
  2223 | D:4      | Reached XP level 5. HP: 43/47 MP: 4/4
  2352 | D:4      | Reached XP level 6. HP: 53/53 MP: 5/5
  2511 | D:4      | Reached skill level 5 in Shields
  2565 | D:4      | Reached skill level 1 in Throwing
  2741 | D:5      | Entered Level 5 of the Dungeon
  2756 | D:5      | HP: 2/55 [something/puff of flame (4)]
  2758 | D:5      | Killed from afar by an orc wizard

Illustrated notes

Levels and vault maps discovered:
D:1:      lemuel_arrival_rhombus, layout_loops_ring,
          ebering_ecumenical_altar_webs
D:2:      layout_rooms
D:3:      layout_basic, mainiacjoe_overflow_chevrons,
          mainiacjoe_overflow_small_starburst, serial_shops, shop,
          chequers_serial_rivers_micro_e, kennysheep_minor_cross
D:4:      layout_basic
D:5:      layout_basic, nicolae_elyvilon_temple_path, minmay_misc_feat_five,
          uniq_blork_the_orc

Skill      XL: |  1  2  3  4  5  6 |
---------------+-------------------+-----
Armour         | 4 5 |  5.8
Fighting       | 4 |  4.9
Long Blades    | 3 4 |  4.6
Shields        | 4 5 |  5.1
Short Blades   | 1 2 |  2.2
Throwing       | 1 |  1.1
Dodging        | |  0.7
Stealth        | |  0.6

Action                   |  1- 3 |  4- 6 || total
-------------------------+-------+-------++-------
Melee: Long sword        |    41 |       ||    41
       Headbutt          |     8 |    17 ||    25
       Dagger            |    31 |    36 ||    67
       Short sword       |       |   107 ||   107
Throw: Dart              |     3 |     6 ||     9
       Boomerang         |       |     3 ||     3
  Use: Potion            |     1 |     2 ||     3
Armor: Scale mail        |    24 |       ||    24
       Chain mail        |    29 |   118 ||   147
Dodge: Dodged            |    28 |    46 ||    74
Block: Buckler           |    18 |    29 ||    47

Table legend: (Time is in decaauts)
 A = Elapsed time spent in this place.
 B = Non-inter-level travel time spent in this place.
 C = Inter-level travel time spent in this place.
 D = Time resting spent in this place.
 E = Time spent auto-exploring this place.
 F = Levels seen in this place.
 G = Mean time per level.
                   A        B        C        D        E       F      G
               +--------+--------+--------+--------+--------+-----+--------+
         Total |   2765 |   2687 |     78 |      0 |   1925 |   5 |  553.0 |
       Dungeon |   2765 |   2687 |     78 |      0 |   1925 |   5 |  553.0 |
               +--------+--------+--------+--------+--------+-----+--------+

Top non-repeatable levels by time:
     D:3: 1042 daAuts
     D:1: 687 daAuts
     D:4: 545 daAuts
     D:2: 480 daAuts
     D:5: 9 daAuts
